 Dungeon Crawl Stone Soup version 0.22.1-1-ga44c0e5 (webtiles) character file.

159 FallenPrincess the Shield-Bearer (level 4, -4/38 HPs)
             Began as a Demigod Fighter on Sept 25, 2018.
             Killed by divine providence
             ... invoked by an orc priest
              (11 damage)
             ... on level 4 of the Dungeon.
             The game lasted 00:07:06 (2657 turns).

FallenPrincess the Shield-Bearer (Demigod Fighter)  Turns: 2657, Time: 00:07:06

Health: -4/38      AC: 12    Str: 21    XL:     4   Next: 95%
Magic:  6/6        EV:  3    Int: 12    God:
Gold:   145        SH: 10    Dex: 15    Spells: 3/3 levels left

rFire    . . .     SeeInvis .   a - +0 rapier
rCold    + . .     Gourm    .   c - +1 shield
rNeg     . . .     Faith    .   s - +0 plate armour
rPois    .         Spirit   .   t - +0 helmet
rElec    .         Reflect  .   (no cloak)
rCorr    .         Harm     .   (no gloves)
MR       .....                  (no boots)
Stlth    ..........             (no amulet)
HPRegen  0.12/turn              e - ring of protection from fire
MPRegen  0.10/turn              j - ring of ice

@: no status effects
A: high mp 1
a: no special abilities


You were on level 4 of the Dungeon.
You were hungry.

You visited 1 branch of the dungeon, and saw 4 of its levels.

You collected 145 gold pieces.

Inventory:

Hand Weapons
 a - a +0 rapier (weapon)
 h - a -2 whip
 i - a +0 short sword
Missiles
 k - 26 arrows
 u - 116 stones (quivered)
Armour
 b - a +0 scale mail
 c - a +1 shield (worn)
 r - a +0 chain mail
 s - a +0 plate armour (worn)
 t - a +0 helmet (worn)
Jewellery
 e - a ring of protection from fire (left hand)
 g - an uncursed ring of positive energy
 j - a ring of ice (right hand)
 A - an uncursed ring of magical power
Wands
 n - a wand of polymorph (7)
Scrolls
 l - 2 scrolls of identify
 o - 2 scrolls of remove curse
 x - a scroll of noise
 y - 2 scrolls of enchant armour
Potions
 d - a potion of might
 m - 2 potions of agility {unknown}
 q - a potion of berserk rage {unknown}
 v - a potion of resistance {unknown}
 z - a potion of brilliance {unknown}
Comestibles
 f - 8 rations


   Skills:
 + Level 3.1 Fighting
 + Level 3.3 Short Blades
 + Level 0.7 Maces & Flails
 + Level 3.3 Armour
 + Level 0.1 Stealth
 + Level 3.4 Shields


You had 3 spell levels left.
You didn't know any spells.
Your spell library was empty.

Dungeon Overview and Level Annotations

Branches:
Dungeon (3/15)

Annotations:
D:4 Menkaure


Innate Abilities, Weirdness & Mutations

You have an increased reservoir of magic. (+10% MP)


Message History

The orc wizard gestures wildly while chanting.
The orc wizard seems to speed up.
The orc hits you but does no damage.
Your shield and plate armour prevent you from hitting the orc.
The orc is heavily wounded.
The orc wizard casts a cantrip, but nothing happens.
The orc hits you but does no damage.
You hit the orc but do no damage.
The orc is heavily wounded.
The orc priest looks braver for a moment.
The orc hits you but does no damage.
You hit the orc.
The orc is almost dead.
You block the orc's attack.
Menkaure casts a spell.
Menkaure seems to speed up.
You hit the orc but do no damage.
The orc is almost dead.
The orc priest mumbles some strange prayers to Beogh against you.
Beogh smites you!
You die...

##.# #....# ...
#######..# #....###.....
##........# #†††..Moo....
#.........###†.####......
...........##oo# o####
.............oo# o.
...........###M# .#
##........## #o# o.
#...#...## #@# .
######.## #.# #....# ..#
###### .... ..... #....##
#....# ..>..#


You could see Menkaure, an orc priest, an orc wizard and 3 orcs.

Vanquished Creatures
  An orc wizard (D:3)
  5 adders
  An ooze (D:2)
  A dart slug (D:1)
  A leopard gecko (D:3)
  6 orcs
  8 bats
  4 giant cockroaches
  13 hobgoblins
  4 jackals (D:4)
  6 kobolds
  10 frilled lizards
  6 goblins
  6 rats
  A spectral orc (D:2)
73 creatures vanquished.

Notes
Turn   | Place    | Note
-------+----------+-------------------------------------------
     0 | D:1      | FallenPrincess the Demigod Fighter began the quest for the
                  | Orb.
     0 | D:1      | Reached XP level 1. HP: 18/18 MP: 3/3
   479 | D:1      | Reached XP level 2. HP: 25/25 MP: 4/4
  1180 | D:2      | Reached XP level 3. HP: 28/30 MP: 5/5
  1489 | D:2      | Found a basalt altar of Yredelemnul.
  1709 | D:2      | Found a glowing golden altar of the Shining One.
  2218 | D:3      | Reached XP level 4. HP: 28/38 MP: 6/6
  2492 | D:3      | Found a sacrificial altar of Ru.
  2604 | D:3      | You fall through a shaft!
  2628 | D:4      | Noticed Menkaure
  2657 | D:4      | Killed from afar by an orc priest

Skill      XL: |  1  2  3  4 |
---------------+-------------+-----
Shields        | 3 |  3.4
Armour         | 3 |  3.3
Short Blades   | 2 3 |  3.3
Fighting       | 3 |  3.1
Maces & Flails | |  0.7
Stealth        | |  0.1

Action                   |  1- 3 |  4- 6 || total
-------------------------+-------+-------++-------
Melee: Whip              |    28 |       ||    28
       Rapier            |   114 |   104 ||   218
  Use: Scroll            |     2 |     5 ||     7
 Stab: Invisible         |       |     1 ||     1
       Paralysed         |       |     1 ||     1
  Eat: Chunk             |     2 |       ||     2
       Ration            |     1 |       ||     1
Armor: Scale mail        |    19 |       ||    19
       Chain mail        |     2 |       ||     2
       Plate armour      |    24 |    53 ||    77
Dodge: Dodged            |    23 |    18 ||    41
Block: Shield            |    77 |    52 ||   129
